TOP OF THE 1ST |
Salem-Keizer Volcanoes batting - Pitching for Los Angeles (NYP) Dodgers : LHP Conor Bailey
|
Pitching: LHP Conor Bailey
|
|
Batting: RHB Mario Mendoza
|
0-0: Ball 1-0: Called Strike 1-1: Swinging Strike 1-2: Foul Ball, location: 2F 1-2: Foul Ball, location: 2F 1-2: Ball 2-2: DOUBLE (Flyball, 78D, EV 107.5 MPH)
|
Batting: LHB Chris Raymond
|
0-0: Ball Mario Mendoza steals 3rd base (no throw) 1-0: Swinging Strike 1-1: Foul Ball, location: 2F 1-2: Ground out 5-3 (Groundball, 56S, EV 86.9 MPH) Mario Mendoza scores
|
Batting: RHB Tony Logan
|
0-0: Swinging Strike 0-1: Ball 1-1: Ball 2-1: Ball 3-1: Ground out 6-3 (Groundball, 6, EV 100.6 MPH)
|
Batting: LHB Tom Reynolds
|
0-0: Ball 1-0: Ball 2-0: SINGLE (Flyball, 34D, EV 98.8 MPH)
|
Batting: RHB Tony Harper
|
0-0: Foul Ball, location: 2F 0-1: Swinging Strike 0-2: Strikes out looking
|
Top of the 1st over - 1 run, 2 hits, 0 errors, 1 left on base; Salem-Keizer 1 - Los Angeles (NYP) 0 |
BOTTOM OF THE 1ST |
Los Angeles (NYP) Dodgers batting - Pitching for Salem-Keizer Volcanoes : RHP Dave Marcelino
|
Pitching: RHP Dave Marcelino
|
|
Batting: RHB Perry Dominey
|
0-0: Called Strike 0-1: Swinging Strike 0-2: Ball 1-2: Strikes out swinging
|
Batting: SHB Dave Reynoso
|
0-0: Ball 1-0: Called Strike 1-1: Ball 2-1: Foul Ball, location: 2F 2-2: Strikes out swinging
|
Batting: LHB Randy Stapleton
|
0-0: Ball 1-0: Foul Ball, location: 2F 1-1: Ball 2-1: Foul Ball, location: 2F 2-2: Ball 3-2: Foul Ball, location: 2F 3-2: Base on Balls
|
Batting: SHB Marcos Cortez
|
0-0: Reached on error, E3 (Groundball, 3, EV 98.8 MPH) Randy Stapleton to second
|
Batting: RHB Cory Bonham
|
0-0: Called Strike 0-1: Ball Passed Ball! Randy Stapleton to third Marcos Cortez to second 1-1: Foul Ball, location: 2F 1-2: Ball 2-2: Ball 3-2: Ground out 5-3 (Groundball, 56, EV 89.4 MPH)
|
Bottom of the 1st over - 0 runs, 0 hits, 1 error, 2 left on base; Salem-Keizer 1 - Los Angeles (NYP) 0 |
TOP OF THE 2ND |
Salem-Keizer Volcanoes batting - Pitching for Los Angeles (NYP) Dodgers : LHP Conor Bailey
|
Batting: LHB Mike Sammons
|
0-0: Called Strike 0-1: Ball 1-1: Ball 2-1: Ball 3-1: Foul Ball, location: 2F 3-2: Base on Balls
|
Batting: RHB Andy Cunningham
|
0-0: Swinging Strike 0-1: Swinging Strike 0-2: Strikes out swinging
|
Batting: SHB Curtis Thompson
|
0-0: Ball 1-0: Ball 2-0: Called Strike 2-1: Ball 3-1: Base on Balls Mike Sammons to second
|
Batting: LHB Joe Hoover
|
0-0: Foul Ball, location: 2F 0-1: DOUBLE (Flyball, 8LXD, EV 98.1 MPH) Mike Sammons scores Curtis Thompson to third
|
Batting: RHB Mario Mendoza
|
0-0: Called Strike 0-1: Foul Ball, location: 2F 0-2: Foul Ball, location: 2F 0-2: Foul Ball, location: 2F 0-2: Ground out 6-3 (Groundball, 6M, EV 100.6 MPH) Curtis Thompson scores Joe Hoover to third
|
Batting: LHB Chris Raymond
|
0-0: Called Strike 0-1: Ball 1-1: Fly out, F7 (Flyball, 78M, EV 82.5 MPH)
|
Top of the 2nd over - 2 runs, 1 hit, 0 errors, 1 left on base; Salem-Keizer 3 - Los Angeles (NYP) 0 |
BOTTOM OF THE 2ND |
Los Angeles (NYP) Dodgers batting - Pitching for Salem-Keizer Volcanoes : RHP Dave Marcelino
|
Batting: RHB Geoff Musico
|
0-0: Ground out 6-3 (Groundball, 4M, EV 87.5 MPH)
|
Batting: RHB Chris Graham
|
0-0: Ball 1-0: Fly out, F8 (Flyball, 8LM, EV 90.6 MPH)
|
Batting: LHB Conor Bailey
|
0-0: Ball 1-0: Ball 2-0: Ball 3-0: Called Strike 3-1: Foul Ball, location: 2F 3-2: Foul Ball, location: 2F 3-2: Foul Ball, location: 2F 3-2: Ground out 6-3 (Groundball, 6M, EV 77.5 MPH)
|
Bottom of the 2nd over - 0 runs, 0 hits, 0 errors, 0 left on base; Salem-Keizer 3 - Los Angeles (NYP) 0 |
TOP OF THE 3RD |
Salem-Keizer Volcanoes batting - Pitching for Los Angeles (NYP) Dodgers : LHP Conor Bailey
|
Batting: RHB Tony Logan
|
0-0: Foul Ball, location: 2F 0-1: Ball 1-1: Ball 2-1: Ball 3-1: Base on Balls
|
Batting: LHB Tom Reynolds
|
0-0: Ball 1-0: Called Strike 1-1: Ball 2-1: Fielders Choice at 2nd, 4-6 (Groundball, 34S, EV 87.5 MPH)
|
Batting: RHB Tony Harper
|
0-0: Swinging Strike 0-1: Ball Passed Ball! Tom Reynolds to second 1-1: Called Strike 1-2: Strikes out swinging
|
Batting: LHB Mike Sammons
|
0-0: Foul Ball, location: 2F 0-1: Called Strike 0-2: Foul Ball, location: 2F 0-2: Ball 1-2: Strikes out looking
|
Top of the 3rd over - 0 runs, 0 hits, 0 errors, 1 left on base; Salem-Keizer 3 - Los Angeles (NYP) 0 |
BOTTOM OF THE 3RD |
Los Angeles (NYP) Dodgers batting - Pitching for Salem-Keizer Volcanoes : RHP Dave Marcelino
|
Batting: RHB Yok-sing Zhào
|
0-0: Called Strike 0-1: Ball 1-1: Fly out, F9 (Flyball, 9D, EV 86.2 MPH)
|
Batting: RHB Perry Dominey
|
0-0: Called Strike 0-1: Swinging Strike 0-2: Ball 1-2: Foul Ball, location: 2F 1-2: Ball 2-2: Ball 3-2: Ground out 1-3 (Groundball, P, EV 70.0 MPH)
|
Batting: SHB Dave Reynoso
|
0-0: Foul Ball, location: 2F 0-1: Foul Ball, location: 2F 0-2: Ball 1-2: Foul Ball, location: 2F 1-2: Foul Ball, location: 2F 1-2: Strikes out looking
|
Bottom of the 3rd over - 0 runs, 0 hits, 0 errors, 0 left on base; Salem-Keizer 3 - Los Angeles (NYP) 0 |
TOP OF THE 4TH |
Salem-Keizer Volcanoes batting - Pitching for Los Angeles (NYP) Dodgers : LHP Conor Bailey
|
Batting: RHB Andy Cunningham
|
0-0: Foul Ball, location: 2F 0-1: Called Strike 0-2: Strikes out swinging
|
Batting: SHB Curtis Thompson
|
0-0: Called Strike 0-1: Called Strike 0-2: Fly out, F8 (Flyball, 8RM, EV 93.8 MPH)
|
Batting: LHB Joe Hoover
|
0-0: Foul Ball, location: 2F 0-1: Foul Ball, location: 2F 0-2: Ball 1-2: Ground out 1-3 (Groundball, 34S, EV 69.4 MPH)
|
Top of the 4th over - 0 runs, 0 hits, 0 errors, 0 left on base; Salem-Keizer 3 - Los Angeles (NYP) 0 |
BOTTOM OF THE 4TH |
Los Angeles (NYP) Dodgers batting - Pitching for Salem-Keizer Volcanoes : RHP Dave Marcelino
|
Batting: LHB Randy Stapleton
|
0-0: Ball 1-0: Ground out U3 (Groundball, 3, EV 90.0 MPH)
|
Batting: SHB Marcos Cortez
|
0-0: Ball 1-0: Foul Ball, location: 2F 1-1: Swinging Strike 1-2: Foul Ball, location: 2F 1-2: Strikes out looking
|
Batting: RHB Cory Bonham
|
0-0: Ball 1-0: Foul Ball, location: 2F 1-1: Ball 2-1: Ball 3-1: Ground out 6-3 (Groundball, 6S, EV 91.2 MPH)
|
Bottom of the 4th over - 0 runs, 0 hits, 0 errors, 0 left on base; Salem-Keizer 3 - Los Angeles (NYP) 0 |
TOP OF THE 5TH |
Salem-Keizer Volcanoes batting - Pitching for Los Angeles (NYP) Dodgers : LHP Conor Bailey
|
Batting: RHB Mario Mendoza
|
0-0: Foul Ball, location: 2F 0-1: Foul Ball, location: 2F 0-2: Foul Ball, location: 2F 0-2: Ball 1-2: Ground out U3 (Groundball, 34, EV 90.6 MPH)
|
Pitching: RHP Justin Donovan
|
|
Batting: LHB Chris Raymond
|
0-0: Ground out 6-3 (Groundball, 6, EV 80.6 MPH)
|
Batting: RHB Tony Logan
|
0-0: Ball 1-0: Called Strike 1-1: Ground out 5-3 (Groundball, 56, EV 78.8 MPH)
|
Top of the 5th over - 0 runs, 0 hits, 0 errors, 0 left on base; Salem-Keizer 3 - Los Angeles (NYP) 0 |
BOTTOM OF THE 5TH |
Los Angeles (NYP) Dodgers batting - Pitching for Salem-Keizer Volcanoes : RHP Dave Marcelino
|
Batting: RHB Geoff Musico
|
0-0: Foul Ball, location: 2F 0-1: Ball 1-1: Called Strike 1-2: Ball 2-2: Ball 3-2: Base on Balls
|
Batting: RHB Chris Graham
|
0-0: Foul Ball, location: 2F 0-1: Foul Ball, location: 2F 0-2: Ball 1-2: Foul Ball, location: 2F 1-2: Strikes out looking
|
Batting: LHB Conor Bailey
|
0-0: SINGLE (Groundball, 4MD, EV 96.9 MPH) Geoff Musico to second Runner from 2nd tries for 3rd, OUT! 8-5 Conor Bailey to second
|
Batting: RHB Yok-sing Zhào
|
0-0: Ball 1-0: Ground out 5-3 (Groundball, 56, EV 80.6 MPH)
|
Bottom of the 5th over - 0 runs, 1 hit, 0 errors, 1 left on base; Salem-Keizer 3 - Los Angeles (NYP) 0 |
TOP OF THE 6TH |
Salem-Keizer Volcanoes batting - Pitching for Los Angeles (NYP) Dodgers : RHP Justin Donovan
|
Now at C: Scott Merritt
|
|
Batting: LHB Tom Reynolds
|
0-0: Foul Ball, location: 2F 0-1: Ball 1-1: Ball 2-1: Called Strike 2-2: Ball 3-2: Fly out, F8 (Flyball, 8LM, EV 93.8 MPH)
|
Batting: RHB Tony Harper
|
0-0: Ball 1-0: Ground out 6-3 (Groundball, 6, EV 76.2 MPH)
|
Batting: LHB Mike Sammons
|
0-0: Called Strike 0-1: Called Strike 0-2: Strikes out swinging
|
Top of the 6th over - 0 runs, 0 hits, 0 errors, 0 left on base; Salem-Keizer 3 - Los Angeles (NYP) 0 |
BOTTOM OF THE 6TH |
Los Angeles (NYP) Dodgers batting - Pitching for Salem-Keizer Volcanoes : RHP Dave Marcelino
|
Batting: RHB Perry Dominey
|
0-0: Ball 1-0: Ground out 6-3 (Groundball, 6, EV 86.2 MPH)
|
Batting: SHB Dave Reynoso
|
0-0: Called Strike 0-1: Swinging Strike 0-2: Strikes out looking
|
Batting: LHB Randy Stapleton
|
0-0: Ground out 4-3 (Groundball, 4, EV 86.9 MPH)
|
Bottom of the 6th over - 0 runs, 0 hits, 0 errors, 0 left on base; Salem-Keizer 3 - Los Angeles (NYP) 0 |
TOP OF THE 7TH |
Salem-Keizer Volcanoes batting - Pitching for Los Angeles (NYP) Dodgers : RHP Justin Donovan
|
Pitching: RHP Juan Serrano
|
|
Batting: RHB Andy Cunningham
|
0-0: Called Strike 0-1: Ball 1-1: Ball 2-1: Foul Ball, location: 2F 2-2: Ball 3-2: Foul Ball, location: 2F 3-2: Base on Balls
|
Batting: SHB Curtis Thompson
|
0-0: Ball 1-0: Ball 2-0: SINGLE (Groundball, 34D, EV 101.2 MPH) Andy Cunningham to second Runner from 2nd tries for 3rd, SAFE, no throw by RF
|
Batting: LHB Joe Hoover
|
0-0: Ball 1-0: Foul Ball, location: 2F 1-1: Called Strike 1-2: Grounds into double play, 4-6-3 (Groundball, 4, EV 81.2 MPH) Andy Cunningham scores
|
Batting: RHB Mario Mendoza
|
0-0: Ball 1-0: Ball 2-0: Called Strike 2-1: Foul Ball, location: 2F 2-2: Ball 3-2: Strikes out swinging
|
Top of the 7th over - 1 run, 1 hit, 0 errors, 0 left on base; Salem-Keizer 4 - Los Angeles (NYP) 0 |
BOTTOM OF THE 7TH |
Los Angeles (NYP) Dodgers batting - Pitching for Salem-Keizer Volcanoes : RHP Dave Marcelino
|
Now in CF: Houston Brock
|
|
Now in RF: Andy Cunningham
|
|
Batting: SHB Marcos Cortez
|
0-0: Called Strike 0-1: Called Strike 0-2: Ball 1-2: Ground out U3 (Groundball, 3L, EV 86.2 MPH)
|
Pitching: RHP Emilio Gonzalez
|
|
Batting: RHB Cory Bonham
|
0-0: Called Strike 0-1: Swinging Strike 0-2: Strikes out looking
|
Batting: RHB Scott Merritt
|
0-0: Called Strike 0-1: Ball 1-1: Foul Ball, location: 2F 1-2: Ball 2-2: DOUBLE (Line Drive, 89D, EV 101.2 MPH)
|
Batting: RHB Chris Graham
|
0-0: Ball 1-0: Ball 2-0: Ball 3-0: Foul Ball, location: 2F 3-1: Foul Ball, location: 2F 3-2: SINGLE (Groundball, 6MD, EV 104.4 MPH) Scott Merritt to third Runner from 3rd tries for Home, SAFE, throw by CF to home Chris Graham to second
|
Batting: LHB Conor Bailey
|
0-0: Ball 1-0: Called Strike 1-1: Swinging Strike 1-2: Strikes out swinging
|
Bottom of the 7th over - 1 run, 2 hits, 0 errors, 1 left on base; Salem-Keizer 4 - Los Angeles (NYP) 1 |
TOP OF THE 8TH |
Salem-Keizer Volcanoes batting - Pitching for Los Angeles (NYP) Dodgers : RHP Juan Serrano
|
Batting: LHB Chris Raymond
|
0-0: Ball 1-0: Ball 2-0: Called Strike 2-1: Ball 3-1: Foul Ball, location: 2F 3-2: Fly out, F9 (Flyball, 9, EV 89.4 MPH)
|
Batting: RHB Tony Logan
|
0-0: Ball 1-0: Called Strike 1-1: Called Strike 1-2: Foul Ball, location: 2F 1-2: Foul Ball, location: 2F 1-2: Ground out 6-3 (Groundball, 56, EV 88.8 MPH)
|
Pitching: RHP Jeremy Pollom
|
|
Batting: LHB Tom Reynolds
|
0-0: Fly out, F8 (Flyball, 8LD, EV 110.0 MPH)
|
Top of the 8th over - 0 runs, 0 hits, 0 errors, 0 left on base; Salem-Keizer 4 - Los Angeles (NYP) 1 |
BOTTOM OF THE 8TH |
Los Angeles (NYP) Dodgers batting - Pitching for Salem-Keizer Volcanoes : RHP Emilio Gonzalez
|
Now at SS: Jim Begger
|
|
Pinch Hitting: SHB Guy Jerome
|
0-0: Foul Ball, location: 2F 0-1: SINGLE (Line Drive, 9LS, EV 105.6 MPH)
|
Batting: RHB Perry Dominey
|
0-0: Ball 1-0: Swinging Strike 1-1: Fly out, F8 (Flyball, 78XD, EV 92.5 MPH)
|
Batting: SHB Dave Reynoso
|
0-0: Called Strike 0-1: Called Strike 0-2: Strikes out swinging
|
Pitching: LHP Hector Jimenez
|
|
Pinch Hitting: RHB Zach Slot
|
0-0: Ball 1-0: Foul Ball, location: 2F 1-1: Foul Ball, location: 2F 1-2: Fielders Choice at 2nd, 5-4 (Groundball, 5, EV 83.8 MPH)
|
Bottom of the 8th over - 0 runs, 1 hit, 0 errors, 1 left on base; Salem-Keizer 4 - Los Angeles (NYP) 1 |
TOP OF THE 9TH |
Salem-Keizer Volcanoes batting - Pitching for Los Angeles (NYP) Dodgers : RHP Jeremy Pollom
|
Now in LF: Zach Slot
|
|
Now in CF: Justin Van Houten
|
|
Pinch Hitting: LHB Ben Radach
|
0-0: Foul Ball, location: 2F 0-1: Foul Ball, location: 2F 0-2: Ball 1-2: Foul Ball, location: 2F 1-2: Ball 2-2: Ball 3-2: Foul Ball, location: 2F 3-2: Foul Ball, location: 2F 3-2: SINGLE (Groundball, 4MS, EV 75.0 MPH) (infield hit)
|
Batting: LHB Mike Sammons
|
0-0: Bunt missed! 0-1: Bunt missed! 0-2: Ball 1-2: Ball 2-2: Foul Ball, location: 2F 2-2: Ball 3-2: Base on Balls Ben Radach to second
|
Batting: RHB Andy Cunningham
|
0-0: Called Strike 0-1: Swinging Strike 0-2: Ball 1-2: Foul Ball, location: 2F 1-2: Fly out, F9 (Flyball, 9D, EV 97.5 MPH) Runner from 2nd tags up, SAFE at 3rd with throw by RF
|
Batting: SHB Curtis Thompson
|
0-0: Ball 1-0: Foul Ball, location: 2F 1-1: Swinging Strike 1-2: Ball 2-2: Ball 3-2: Fly out, F8 (Flyball, 78S, EV 86.2 MPH)
|
Batting: RHB Houston Brock
|
0-0: Foul Ball, location: 2F 0-1: Ball 1-1: Fielders Choice at 2nd, 6-4 (Groundball, 6, EV 107.5 MPH)
|
Top of the 9th over - 0 runs, 1 hit, 0 errors, 2 left on base; Salem-Keizer 4 - Los Angeles (NYP) 1 |
BOTTOM OF THE 9TH |
Los Angeles (NYP) Dodgers batting - Pitching for Salem-Keizer Volcanoes : LHP Hector Jimenez
|
Pitching: RHP Loeck Bakker
|
|
Now at 1B: J.R. Roberts
|
|
Batting: SHB Marcos Cortez
|
0-0: Foul Ball, location: 2F 0-1: Ball 1-1: Ball 2-1: Called Strike 2-2: Foul Ball, location: 2F 2-2: Ball 3-2: Strikes out swinging
|
Pinch Hitting: LHB Ramon Padilla
|
0-0: Ball 1-0: Foul Ball, location: 2F 1-1: Ball 2-1: SINGLE (Groundball, 4M, EV 107.5 MPH) (infield hit)
|
Batting: RHB Scott Merritt
|
0-0: Called Strike 0-1: Called Strike 0-2: Fielders Choice at 2nd, 6-4 (Groundball, 6, EV 83.1 MPH)
|
Pinch Hitting: RHB Jose Corral
|
0-0: Called Strike 0-1: Called Strike 0-2: Ball 1-2: Ball 2-2: Ball 3-2: Ground out 5-3 (Groundball, 56S, EV 83.1 MPH)
|
Bottom of the 9th over - 0 runs, 1 hit, 0 errors, 1 left on base; Salem-Keizer 4 - Los Angeles (NYP) 1 |
|